[Event "Titled Tuesday Blitz May 10 Early 2022"]
[White "Jarovinsky, Alexey"]
[Black "Zhao, Jun"]
[WhiteFideId "14115131"]
[BlackFideId "8602522"]
[WhiteElo "2446"]
[BlackElo "2547"]
[Result "0-1"]
[Round "07"]
[TimeControl "180+1"]
[Date "2022.05.10"]
[WhiteClock "0:00:08"]
[BlackClock "0:00:19"]

1. Nc3 d5 2. e4 d4 3. Nce2 e5 4. c3 c5 5. Ng3 Nc6 6. Bc4 Nf6 7. d3 Be7 8. Nf3 O-O 9. O-O Qc7 10. cxd4 cxd4 11. Bd2 a6 12. Rc1 Bd7 13. a3 Rac8 14. h3 b5 15. Ba2 Qd6 16. Nh4 g6 17. Bh6 Rfe8 18. Nf3 Be6 19. Bxe6 Qxe6 20. Ng5 Qd7 21. f4 exf4 22. Rxf4 Ne5 23. Rxc8 Rxc8 24. Nf3 Qd6 25. Nxe5 Qxe5 26. Rf3 Nd7 27. Ne2 Bg5 28. Bxg5 Qxg5 29. Qf1 Ne5 30. Rg3 Qd2 31. Kh2 h5 32. Qf6 Re8 33. Nxd4 Qxb2 34. Qd6 Qd2 35. Nf3 Qf4 36. Nxe5 h4 37. d4 hxg3+ 0-1


[Site "https://www.chess.com"]

[Event "Titled Tuesday Blitz May 10 Early 2022"]
[White "Jaskolka, Tomasz"]
[Black "Stoleriu, George"]
[WhiteFideId "1170791"]
[BlackFideId "1227505"]
[WhiteElo "2073"]
[BlackElo "2194"]
[Result "0-1"]
[Round "07"]
[TimeControl "180+1"]
[Date "2022.05.11"]
[WhiteClock "0:00:03"]
[BlackClock "0:01:51"]

1. d4 e6 2. Bf4 Nf6 3. e3 b6 4. Nf3 Bb7 5. Nbd2 d6 6. Be2 Nbd7 7. c3 Qe7 8. h3 g6 9. O-O Bg7 10. Qc2 O-O 11. e4 e5 12. dxe5 dxe5 13. Bg5 h6 14. Be3 Nc5 15. Bxc5 Qxc5 16. Rfe1 Rad8 17. Rad1 Rd7 18. Nb3 Qe7 19. Rxd7 Nxd7 20. Bf1 Rd8 21. Rd1 Nf8 22. Rxd8 Qxd8 23. Qd3 Qxd3 24. Bxd3 Ne6 25. g3 Kf8 26. Kf1 Ke7 27. Ke2 Kd6 28. Ke3 h5 29. Nfd2 Bh6+ 30. Ke2 a5 31. Nc4+ Ke7 32. Nxe5 a4 33. Nd4 Nc5 34. f3 Bc1 35. b4 Ne6 36. Nxe6 Kxe6 37. f4 Ke7 38. Bc2 a3 39. Kd3 g5 40. fxg5 Bxg5 41. Bb3 f6 42. Ng6+ Kd6 43. h4 Bh6 44. Nf4 Ke5 45. Bd5 Ba6+ 46. b5 Bxb5+ 47. c4 Be8 48. Ne2 c6 49. Bg8 Bg6 50. Nc3 Bc1 51. Na4 Bxe4+ 52. Kc3 Be3 53. Bf7 Bf3 54. Kd3 Bf2 55. Be8 Bxg3 56. Nxb6 Bxh4 57. Nd7+ Kd6 58. c5+ Ke7 59. Bxh5 Bxh5 60. Nb6 Bf7 61. Nc8+ Kd7 62. Nb6+ Kc7 63. Na4 Bxa2 64. Kc3 Bd5 65. Kb4 a2 66. Nc3 a1=Q 67. Na2 Qb2+ 68. Ka4 Qb3+ 69. Ka5 Qb5# 0-1


[Site "https://www.chess.com"]

[Event "Titled Tuesday Blitz May 10 Early 2022"]
[White "Jodorcovsky Werjivker, Paulo"]
[Black "Martin, Lewis"]
[WhiteFideId "3700305"]
[BlackFideId "410551"]
[WhiteElo "2075"]
[BlackElo "2145"]
[Result "0-1"]
[Round "07"]
[TimeControl "180+1"]
[Date "2022.05.11"]
[WhiteClock "0:00:55"]
[BlackClock "0:00:09"]

1. e4 c5 2. Nc3 Nc6 3. Bb5 Nd4 4. Bc4 a6 5. Nge2 b5 6. Bd5 Rb8 7. d3 Nf6 8. Bb3 d6 9. Be3 Nxb3 10. axb3 e6 11. Ng3 Be7 12. f4 O-O 13. O-O Bb7 14. f5 e5 15. Nh5 d5 16. Nxf6+ Bxf6 17. Bxc5 Re8 18. Qg4 d4 19. Ne2 Rc8 20. b4 a5 21. Ng3 axb4 22. Bxb4 Rxc2 23. Nh5 Bg5 24. f6 Be3+ 25. Kh1 g6 26. Ra7 Qc8 27. Qg3 Rxb2 28. Bd6 Rc2 29. Bxe5 Rc1 30. Ra1 Rxf1+ 31. Rxf1 b4 32. Bf4 Bxf4 33. Qxf4 Qc5 34. Ng7 Rc8 35. Nf5 Qf8 36. Ne7+ Kh8 37. Nxc8 Bxc8 38. Rc1 Be6 39. Qh6 Qxh6 40. Ra1 Qf8 41. Rb1 h5 42. Kg1 h4 43. Kf2 Kh7 44. Ke2 g5 45. Kd2 Kg6 46. e5 Qc5 47. Rc1 Qxe5 48. Rb1 Qe3+ 49. Kc2 b3+ 50. Kb2 Qd2+ 0-1


[Site "https://www.chess.com"]

[Event "Titled Tuesday Blitz May 10 Early 2022"]
[White "Johnson, Ben"]
[Black "Barria Zuniga, Daniel"]
[WhiteFideId "2010917"]
[BlackFideId "3400816"]
[WhiteElo "2239"]
[BlackElo "2414"]
[Result "0-1"]
[Round "07"]
[TimeControl "180+1"]
[Date "2022.05.11"]
[WhiteClock "0:00:02"]
[BlackClock "0:00:13"]

1. Nf3 c5 2. c4 Nc6 3. Nc3 g6 4. d4 Bg7 5. d5 Na5 6. e4 d6 7. h3 e5 8. Bd3 Bd7 9. O-O a6 10. a3 b6 11. b4 Nb7 12. Rb1 Rb8 13. Be3 Bh6 14. Qd2 Bxe3 15. Qxe3 h6 16. Nd2 Qg5 17. f4 exf4 18. Rxf4 Qe5 19. Nf3 Qxc3 20. e5 Bf5 21. exd6+ Kf8 22. Rxf5 gxf5 23. d7 Nf6 24. Ne5 cxb4 25. axb4 Nd6 26. Rf1 Nfe4 27. Nc6 Kg7 28. Rf3 Rbg8 29. Rg3+ Kh7 30. Bxe4 Rxg3 31. Qxc3 Rxc3 0-1


[Site "https://www.chess.com"]

[Event "Titled Tuesday Blitz May 10 Early 2022"]
[White "Juhasz, Agoston"]
[Black "Zherebtsova, Alexandra"]
[WhiteFideId "778346"]
[BlackFideId "24129518"]
[WhiteElo "2211"]
[BlackElo "2025"]
[Result "1-0"]
[Round "07"]
[TimeControl "180+1"]
[Date "2022.05.11"]
[WhiteClock "0:00:56"]
[BlackClock "0:00:17"]

1. d4 d5 2. Nf3 Nf6 3. c4 e6 4. g3 g6 5. Bg2 Bg7 6. O-O O-O 7. Nc3 Nc6 8. Qc2 Qe7 9. Rd1 Rd8 10. e4 dxc4 11. e5 Nd5 12. Ne4 f5 13. Bg5 Qf8 14. Nc5 Re8 15. Qxc4 h6 16. Bd2 Qe7 17. Bc3 b6 18. Nd3 Na5 19. Bxa5 bxa5 20. Nh4 Bb7 21. Nxg6 Qf7 22. Ngf4 Nxf4 23. Nxf4 Bxg2 24. Kxg2 Rab8 25. b3 Qd7 26. Rac1 Rb7 27. Qc6 Qxc6+ 28. Rxc6 Kf7 29. Rdc1 Re7 30. Nd3 Rd7 31. Nc5 1-0


[Site "https://www.chess.com"]

[Event "Titled Tuesday Blitz May 10 Early 2022"]
[White "Jumabayev, Rinat"]
[Black "Janaszak, Dawid"]
[WhiteFideId "13702661"]
[BlackFideId "1119206"]
[WhiteElo "2561"]
[BlackElo "2199"]
[Result "1-0"]
[Round "07"]
[TimeControl "180+1"]
[Date "2022.05.10"]
[WhiteClock "0:00:58"]
[BlackClock "0:00:14"]

1. e4 c5 2. Nf3 Nc6 3. Bb5 Nf6 4. Nc3 Qc7 5. O-O g6 6. Re1 Bg7 7. d4 Nxd4 8. e5 Ng4 9. Nd5 Nxf3+ 10. Qxf3 Qa5 11. b4 cxb4 12. Qxg4 O-O 13. Qxb4 Qd8 14. Nxe7+ Kh8 15. Bg5 Qb6 16. Bf6 a6 17. Nxg6+ 1-0


[Site "https://www.chess.com"]

[Event "Titled Tuesday Blitz May 10 Early 2022"]
[White "Karolczuk, Iwo"]
[Black "Kadric, Denis"]
[WhiteFideId "21816972"]
[BlackFideId "14403803"]
[WhiteElo "2258"]
[BlackElo "2657"]
[Result "0-1"]
[Round "07"]
[TimeControl "180+1"]
[Date "2022.05.10"]
[WhiteClock "0:00:05"]
[BlackClock "0:00:24"]

1. e4 e6 2. d4 d5 3. Nc3 Nf6 4. Qd3 c5 5. dxc5 d4 6. e5 dxc3 7. Qxd8+ Kxd8 8. exf6 gxf6 9. Ne2 cxb2 10. Bxb2 Nd7 11. O-O-O Kc7 12. Nc3 Bxc5 13. Ne4 Be7 14. Bb5 Rg8 15. Bxd7 Bxd7 16. Nxf6 Bxf6 17. Bxf6 Rxg2 18. Be5+ Kc8 19. Rhg1 Rg6 20. h4 h5 21. Rxg6 fxg6 22. Rd3 a5 23. Rg3 Be8 24. Rc3+ Bc6 25. Rg3 Be4 26. Rc3+ Kd8 27. a3 Ra6 28. Bf6+ Ke8 29. Rc8+ Kd7 30. Rd8+ Kc7 31. Rd4 Bf5 32. Be5+ Kc8 33. Rc4+ Kd8 34. Rd4+ Ke8 35. Rc4 Rb6 36. Rc8+ Kd7 37. Rc7+ Kd8 38. Rc5 Ra6 39. Bc7+ Kd7 40. Be5 Rc6 41. Rxc6 Kxc6 42. Kd2 Kd5 43. Bf6 Ke4 44. Bd8 a4 45. Bg5 Kf3 46. Be3 g5 47. Bxg5 Kxf2 48. Bf6 Kf3 49. c4 Kf4 50. Ke2 e5 51. Bg5+ Kg3 52. c5 Be6 53. Ke3 Bd5 54. Bf6 e4 55. Bg5 Kg4 56. Bf6 Bc6 57. Bg5 Kf5 58. Kd4 Ke6 59. Ke3 Ke5 60. Be7 Kd5 61. Bf8 Kc4 62. Bg7 Kb3 0-1


[Site "https://www.chess.com"]

[Event "Titled Tuesday Blitz May 10 Early 2022"]
[White "Kazakouski, Valery"]
[Black "Steinberg, Nitzan"]
[WhiteFideId "13507443"]
[BlackFideId "2801795"]
[WhiteElo "2524"]
[BlackElo "2471"]
[Result "0-1"]
[Round "07"]
[TimeControl "180+1"]
[Date "2022.05.10"]
[WhiteClock "0:00:06"]
[BlackClock "0:00:08"]

1. d4 d5 2. c4 c6 3. Nf3 Nf6 4. Qc2 dxc4 5. Qxc4 Bf5 6. g3 e6 7. Bg2 Be7 8. O-O O-O 9. Qb3 Qb6 10. Nbd2 Nbd7 11. Nc4 Qa6 12. Bf4 Nb6 13. Bd6 Rfe8 14. Bxe7 Rxe7 15. Nfd2 Rd8 16. e3 h5 17. h3 Bg6 18. Ne5 Bf5 19. Rac1 Nfd7 20. Ndc4 Nxc4 21. Nxc4 Nb6 22. Ne5 Nd7 23. Nxd7 Rdxd7 24. Rc5 Qb6 25. Qc3 Bg6 26. b4 Re8 27. a4 a6 28. Rc1 Kh7 29. Bf3 h4 30. g4 Ra8 31. Re5 Qd8 32. Bg2 Qe7 33. Rc5 Qd8 34. Qe1 f5 35. f4 Kg8 36. a5 Kf7 37. g5 Qh8 38. Re5 Re8 39. Qc3 Qh5 40. Qc4 Rde7 41. Kf2 Kg8 42. Bf3 Qh7 43. Qb3 Bh5 44. Bg2 Bf7 45. Bf1 Qg6 46. Bc4 Qh5 47. Be2 Qg6 48. Rcc5 Qh7 49. Qd1 Qg6 50. Ke1 Qh7 51. Kd2 Rd8 52. Kc3 Rd5 53. Bf3 Rd8 54. Qe1 Bh5 55. Bg2 Be8 56. Bf1 Bf7 57. Bc4 Rde8 58. Qf2 Qh5 59. Be2 Qh7 60. Bf3 Rd8 61. Kb2 Bh5 62. Bg2 Bd1 63. Qd2 Bh5 64. Qc2 Bf7 65. d5 cxd5 66. Bxd5 Rde8 67. Bf3 Bh5 68. Bg2 Bf7 69. Rc7 Qh5 70. Rxe7 Rxe7 71. Rc5 Re8 72. Rc7 e5 73. Rc8 exf4 74. exf4 Qg6 75. Rxe8+ Bxe8 76. Bd5+ Kh7 77. Qf2 Qd6 78. Qd4 Bf7 79. g6+ Qxg6 80. Bxb7 Qg3 81. Bxa6 Qb3+ 82. Kc1 Qa3+ 83. Kd2 Qxh3 84. Bd3 Qg2+ 85. Kc3 Qg4 86. a6 h3 87. a7 h2 88. a8=Q Qg1 89. Qf3 h1=Q 90. Qxh1+ Qxh1 91. Bxf5+ g6 92. Qd7 Qa1+ 93. Kd3 Qb1+ 94. Kd4 Qxf5 95. Qxf5 gxf5 96. b5 Be8 97. b6 Bc6 98. Ke5 Kg6 99. Kd6 Be4 100. Kc7 Kh5 0-1


[Site "https://www.chess.com"]

[Event "Titled Tuesday Blitz May 10 Early 2022"]
[White "Keymer, Vincent"]
[Black "Ceres, Dragos"]
[WhiteFideId "12940690"]
[BlackFideId "13905864"]
[WhiteElo "2548"]
[BlackElo "2150"]
[Result "1-0"]
[Round "07"]
[TimeControl "180+1"]
[Date "2022.05.11"]
[WhiteClock "0:00:20"]
[BlackClock "0:00:06"]

1. Nf3 Nf6 2. c4 e6 3. Nc3 Bb4 4. Qc2 Bxc3 5. Qxc3 O-O 6. b4 b6 7. Bb2 Bb7 8. e3 c5 9. b5 d6 10. a4 Nbd7 11. Be2 Qe7 12. O-O e5 13. d3 Rfe8 14. a5 d5 15. cxd5 Nxd5 16. Qb3 Nb4 17. e4 Rac8 18. axb6 axb6 19. Bc3 Ra8 20. h3 h6 21. Nd2 Qe6 22. Nc4 Kh7 23. Bg4 Qe7 24. Bxd7 Rxa1 25. Rxa1 Qxd7 26. Nxe5 Rxe5 27. Bxe5 Nxd3 28. Bg3 Bxe4 29. Ra6 Qb7 30. Qa3 Nb4 31. Ra7 Qd5 32. f3 Bg6 33. Kh2 Qd3 34. Qxd3 Bxd3 35. Rxf7 Bxb5 36. Be5 Kg6 37. Rxg7+ Kf5 38. Re7 Nd5 39. g4+ Kg6 40. Rg7# 1-0


[Site "https://www.chess.com"]

[Event "Titled Tuesday Blitz May 10 Early 2022"]
[White "Khubukshanov, Erdem"]
[Black "Mitrabha, Guha"]
[WhiteFideId "54114527"]
[BlackFideId "5057000"]
[WhiteElo "2306"]
[BlackElo "2468"]
[Result "0-1"]
[Round "07"]
[TimeControl "180+1"]
[Date "2022.05.10"]
[WhiteClock "0:00:01"]
[BlackClock "0:01:07"]

1. e4 e5 2. Nf3 Nc6 3. Nc3 Nf6 4. a3 d5 5. exd5 Nxd5 6. Nxe5 Nxc3 7. Nxc6 Nxd1 8. Nxd8 Nxf2 9. Kxf2 Bc5+ 10. Kf3 Kxd8 11. Bc4 Bd7 12. d4 Bxd4 13. Rd1 Bf6 14. Bxf7 Ke7 15. Bd5 Raf8 16. Ke4 c6 17. Bc4 Re8 18. Bf4 Bg4 19. Rd6 Kf8+ 20. Kd3 Bf5+ 21. Kd2 Re4 22. Rxf6+ gxf6 23. Bh6+ Ke8 24. Kc3 Be6 25. Bd3 Re5 26. Bg7 Rg8 27. Bxf6 Rc5+ 28. Kb4 Rh5 29. g3 Rxh2 30. Re1 Kf7 31. Be5 Rg4+ 32. Kc5 Ke7 33. b4 Kd7 34. Be4 Rd2 35. c4 b6# 0-1


[Site "https://www.chess.com"]

[Event "Titled Tuesday Blitz May 10 Early 2022"]
[White "Kovalenko, Igor"]
[Black "Panesar Vedant"]
[WhiteFideId "14117908"]
[BlackFideId "35033018"]
[WhiteElo "2560"]
[BlackElo "1975"]
[Result "1-0"]
[Round "07"]
[TimeControl "180+1"]
[Date "2022.05.10"]
[WhiteClock "0:00:23"]
[BlackClock "0:00:06"]

1. c4 Nf6 2. Nc3 e5 3. Nf3 Nc6 4. g3 d5 5. cxd5 Nxd5 6. Bg2 Bc5 7. O-O O-O 8. d3 h6 9. Nxd5 Qxd5 10. a3 Bb6 11. Nd2 Qe6 12. Nc4 Rd8 13. Bd2 Nd4 14. e3 Nf5 15. Bc3 f6 16. Qe2 c6 17. Nxb6 axb6 18. Rad1 Qf7 19. Rfe1 Be6 20. f4 exf4 21. gxf4 b5 22. Qf2 Qh5 23. Bf3 Qh4 24. e4 Qxf2+ 25. Kxf2 Nd4 26. Rg1 Bb3 27. Rd2 Kf8 28. Bg4 c5 29. Ke3 Nc2+ 30. Kf3 Nd4+ 31. Ke3 Nc2+ 32. Kf2 Nd4 33. Rg3 b6 34. h4 Ra7 35. h5 Bf7 36. Ke3 Bb3 37. Rdg2 Nc2+ 38. Kd2 Nd4 39. Be2 Be6 40. f5 Bb3 41. Bf1 Re7 42. Rf2 Bf7 43. Rh3 Nc6 44. Ke3 Ne5 45. Kf4 Nc6 46. Rg2 Ne5 47. b4 Nc6 48. Rb2 Rb8 49. Rc2 Rd8 50. Bb2 c4 51. dxc4 Nd4 52. Rc1 bxc4 53. Bxc4 Bxc4 54. Rxc4 b5 55. Rxd4 Rxd4 56. Bxd4 Rc7 57. Bc5+ Kf7 58. Rd3 1-0


[Site "https://www.chess.com"]

[Event "Titled Tuesday Blitz May 10 Early 2022"]
[White "Kozak, Antoni"]
[Black "Maximov, Dmitry"]
[WhiteFideId "21832030"]
[BlackFideId "14105659"]
[WhiteElo "2322"]
[BlackElo "2494"]
[Result "0-1"]
[Round "07"]
[TimeControl "180+1"]
[Date "2022.05.10"]
[WhiteClock "0:00:04"]
[BlackClock "0:00:08"]

1. d4 Nf6 2. Nf3 g6 3. Bf4 Bg7 4. e3 O-O 5. Be2 d6 6. h3 Nc6 7. c4 e5 8. Bh2 exd4 9. exd4 Re8 10. O-O Bf5 11. Nbd2 Ne4 12. Nb3 a5 13. d5 Ne5 14. Nbd4 Bd7 15. Re1 Nc5 16. Qd2 Nxf3+ 17. Nxf3 Qf6 18. b3 Ne4 19. Qc2 Qxa1 20. Rxa1 Bxa1 21. g4 Bg7 22. Bf4 f5 23. g5 Re7 24. Kg2 Rae8 25. Bf1 b6 26. a3 Nc5 27. b4 axb4 28. axb4 Na4 29. Nd2 Re1 30. Nb3 R8e4 31. Bd2 Rxf1 32. Kxf1 Nb2 33. c5 Bb5+ 34. Kg2 Bd3 35. Qc1 Rc4 36. Qe1 Be5 37. cxb6 cxb6 38. Qa1 Be4+ 39. f3 Bxd5 40. Qa7 Rc2 41. Qb8+ Kg7 42. Qa7+ Bf7 43. Kf1 Nc4 44. Be1 Ne3+ 45. Kg1 Rg2+ 46. Kh1 Rh2+ 47. Kg1 Rxh3 48. Bf2 Rxf3 49. Nd2 Rxf2 50. Kxf2 Bd4 51. Ke2 Nd5 52. Qb7 Nxb4 53. Nf3 Bc5 54. Kd2 Nd5 55. Kd3 Nf4+ 56. Kd2 Ne6 57. Kd3 Bf2 58. Qa8 Bc5 59. Ke2 h6 60. Kd2 hxg5 61. Qb8 g4 62. Ne1 g3 63. Qb7 f4 64. Ng2 g5 65. Qf3 Bg6 66. Qg4 Kf6 67. Ne1 Bf5 68. Qh5 Ke5 69. Nf3+ Kd5 70. Nxg5 Kc6 71. Nf3 Be4 72. Ne1 Be3+ 73. Ke2 Nd4+ 74. Kd1 Bd5 75. Qe8+ Kc5 76. Qc8+ Bc6 77. Qg8 f3 78. Nd3+ Kb5 79. Qxg3 f2 80. Nxf2 Bf3+ 81. Ke1 Nc2+ 82. Kf1 Nd4 83. Qg8 Be2+ 84. Ke1 Bc4 85. Qe8+ Kc5 86. Qc8+ Kb4 87. Ne4 d5 88. Nd6 Nc2+ 89. Kd1 Bc5 90. Nb7 Ne3+ 91. Kd2 d4 92. Nxc5 bxc5 93. Qb7+ Bb5 94. Qe7 Nc4+ 95. Kd3 Na3+ 96. Kd2 Kc4 97. Qf8 Kb4 98. Qg8 Nc4+ 99. Kc1 Ne3 100. Qf8 d3 101. Qd6 Nc4 102. Qf8 d2+ 103. Kd1 Ba4+ 104. Ke2 d1=Q+ 105. Kf2 Qd2+ 106. Kf1 Ne3+ 107. Kg1 Qg2# 0-1


[Site "https://www.chess.com"]

[Event "Titled Tuesday Blitz May 10 Early 2022"]
[White "Koziorowicz, Michal"]
[Black "Tristan, Leonardo"]
[WhiteFideId "21809194"]
[BlackFideId "113816"]
[WhiteElo "2219"]
[BlackElo "2404"]
[Result "0-1"]
[Round "07"]
[TimeControl "180+1"]
[Date "2022.05.11"]
[WhiteClock "0:00:16"]
[BlackClock "0:00:23"]

1. e4 d5 2. exd5 Qxd5 3. Nf3 Bg4 4. Be2 Nc6 5. O-O O-O-O 6. Nc3 Qd7 7. h3 Bf5 8. d3 e5 9. Be3 Nf6 10. Nd2 Nd5 11. Nxd5 Qxd5 12. Bf3 Qd7 13. a4 f6 14. a5 a6 15. Nc4 Be6 16. Qe2 Bd5 17. Rfd1 Bxf3 18. Qxf3 Qd5 19. Qe4 Bc5 20. Bxc5 Qxc5 21. c3 Rd7 22. b4 Qd5 23. Qxd5 Rxd5 24. Kf1 Rhd8 25. Ke2 Ne7 26. Ne3 R5d6 27. Rd2 Nd5 28. Nxd5 Rxd5 29. Ke3 c5 30. c4 R5d6 31. bxc5 Rc6 32. g4 Rxc5 33. f3 Rd4 34. Rb2 Rc7 35. Rb3 Rcd7 36. Ra4 g6 37. Rab4 f5 38. Rb6 R7d6 39. Rxb7 Rxd3+ 40. Rxd3 Rxd3+ 41. Kxd3 Kxb7 42. g5 Kc6 43. Kc2 Kc5 44. Kc3 e4 45. f4 e3 46. Kd3 e2 47. Kxe2 Kxc4 48. Ke3 Kc3 49. Kf3 Kd3 50. Kg3 Kc4 51. Kf3 Kb5 52. Ke3 Kxa5 53. Kd4 Kb4 54. Ke5 a5 55. Kf6 a4 56. Kg7 a3 57. Kxh7 a2 58. Kxg6 a1=Q 59. Kxf5 Qh8 60. Kg6 Kc5 61. f5 Kd6 62. f6 Ke6 63. h4 Qg8+ 64. Kh6 Kf5 65. h5 Qh8# 0-1


[Site "https://www.chess.com"]

[Event "Titled Tuesday Blitz May 10 Early 2022"]
[White "Kruckenhauser, Arthur"]
[Black "Azarov, Sergei"]
[WhiteFideId "1642812"]
[BlackFideId "13501470"]
[WhiteElo "2243"]
[BlackElo "2494"]
[Result "0-1"]
[Round "07"]
[TimeControl "180+1"]
[Date "2022.05.11"]
[WhiteClock "0:00:11"]
[BlackClock "0:00:24"]

1. d4 f5 2. c4 Nf6 3. Nc3 e6 4. g3 Bb4 5. Bd2 Bxc3 6. Bxc3 Ne4 7. Rc1 O-O 8. Bg2 Nxc3 9. Rxc3 d6 10. Nf3 Nd7 11. Re3 Nf6 12. O-O Bd7 13. Ne1 f4 14. Rc3 fxg3 15. hxg3 Rb8 16. Nd3 Qe7 17. Nf4 c6 18. Ra3 a6 19. Qd2 Rbe8 20. Rb3 Bc8 21. Qa5 e5 22. dxe5 dxe5 23. Nd3 Ng4 24. Be4 Qg5 25. Kg2 Bf5 26. Bxf5 Qxf5 27. Rxb7 Ne3+ 28. Kg1 Qh3 29. fxe3 Qxg3+ 30. Kh1 Rxf1# 0-1


[Site "https://www.chess.com"]

[Event "Titled Tuesday Blitz May 10 Early 2022"]
[White "Kwon, Sehyun"]
[Black "Cunjalo, Faris"]
[WhiteFideId "13203088"]
[BlackFideId "14410710"]
[WhiteElo "1778"]
[BlackElo "2263"]
[Result "0-1"]
[Round "07"]
[TimeControl "180+1"]
[Date "2022.05.10"]
[WhiteClock "0:00:01"]
[BlackClock "0:00:20"]

1. e4 c6 2. c4 d5 3. cxd5 cxd5 4. exd5 Nf6 5. Qa4+ Nbd7 6. Nc3 g6 7. Nf3 Bg7 8. Bc4 a6 9. d4 O-O 10. Qa3 Nb6 11. Bb3 Nbxd5 12. O-O b6 13. Re1 Bb7 14. Ne5 b5 15. Nxd5 Nxd5 16. Bd2 e6 17. Rac1 Re8 18. Nc6 Bxc6 19. Rxc6 Bxd4 20. Rxa6 Rc8 21. Bxd5 exd5 22. Be3 Bxe3 23. fxe3 d4 24. Rd6 Qh4 25. g3 Qh3 26. Rxd4 Rc2 0-1


[Site "https://www.chess.com"]

[Event "Titled Tuesday Blitz May 10 Early 2022"]
[White "Lashkin, Jegor"]
[Black "Dronavalli, Harika"]
[WhiteFideId "13907808"]
[BlackFideId "5015197"]
[WhiteElo "2368"]
[BlackElo "2382"]
[Result "1-0"]
[Round "07"]
[TimeControl "180+1"]
[Date "2022.05.10"]
[WhiteClock "0:00:25"]
[BlackClock "0:00:13"]

1. Nf3 Nf6 2. b3 g6 3. Bb2 Bg7 4. e3 O-O 5. d4 c5 6. dxc5 Qa5+ 7. c3 Qxc5 8. Ba3 Qb6 9. Bxe7 Re8 10. Bxf6 Bxf6 11. Be2 d6 12. O-O Bg4 13. Qd2 Bxf3 14. Bxf3 Rc8 15. Rc1 Nd7 16. Na3 Ne5 17. Bd5 Qc5 18. b4 Qb6 19. Rab1 Qa6 20. Rb3 Rab8 21. c4 Qb6 22. h3 h5 23. Nb5 a6 24. Nd4 Kg7 25. Ne2 Qd8 26. a4 b6 27. Rbb1 h4 28. Nf4 a5 29. bxa5 bxa5 30. Rb5 Rc5 31. Qe2 Rbc8 32. Rb7 R8c7 33. Rcb1 Qd7 34. Rxc7 Rxc7 35. Rb5 Rc5 36. Qc2 Qc8 37. Qb3 Rc7 38. Rxa5 Qd7 39. Ra8 Ra7 40. Qb5 Qc7 41. Rxa7 Qxa7 42. a5 Bd8 43. a6 Bb6 44. c5 Bxc5 45. Qe2 Bb6 46. Bb7 Bc5 47. Qb2 Qb6 48. Qa1 Qa7 49. Nd5 Kh6 50. Kh1 f5 51. f4 Bxe3 52. fxe5 Bd4 53. Qc1+ Kg7 54. exd6 Bf6 55. Nxf6 Kxf6 56. Qe1 Qd4 57. Qe7# 1-0


[Site "https://www.chess.com"]

[Event "Titled Tuesday Blitz May 10 Early 2022"]
[White "Lauridsen, Jesper Morch"]
[Black "Mica, Marek"]
[WhiteFideId "1401890"]
[BlackFideId "382884"]
[WhiteElo "2222"]
[BlackElo "2100"]
[Result "0-1"]
[Round "07"]
[TimeControl "180+1"]
[Date "2022.05.11"]
[WhiteClock "0:00:05"]
[BlackClock "0:00:34"]

1. e4 e6 2. d4 d5 3. Nc3 Nf6 4. Bg5 Bb4 5. e5 h6 6. Bd2 Bxc3 7. bxc3 Ne4 8. Bd3 Nxd2 9. Kxd2 c5 10. Qg4 Kf8 11. h4 Nc6 12. Nf3 c4 13. Be2 b5 14. a3 a5 15. h5 Bd7 16. Rh3 Qe7 17. Rg3 Rg8 18. Nh4 Rb8 19. f4 b4 20. axb4 axb4 21. f5 bxc3+ 22. Ke3 exf5 23. Nxf5 Nxe5 24. Nxe7 Nxg4+ 25. Bxg4 Kxe7 26. Ra7 Rbd8 27. Kf4 Kd6 28. Bxd7 Rxd7 29. Ra6+ Kc7 30. Rxh6 Re8 31. Rxg7 Re4+ 32. Kf3 Rxd4 33. Rf6 Rd1 34. Kf2 d4 35. h6 d3 36. h7 Rh1 37. Rfxf7 Rxf7+ 38. Rxf7+ Kc6 39. Rf6+ Kb5 40. cxd3 cxd3 41. Rf5+ Kc4 42. Rf4+ Kb3 43. Rf3 d2 44. Rd3 Rxh7 45. g4 Kc2 0-1


[Site "https://www.chess.com"]

[Event "Titled Tuesday Blitz May 10 Early 2022"]
[White "Lazavik, Denis"]
[Black "Kozak, Adam"]
[WhiteFideId "13515110"]
[BlackFideId "753246"]
[WhiteElo "2437"]
[BlackElo "2459"]
[Result "0-1"]
[Round "07"]
[TimeControl "180+1"]
[Date "2022.05.10"]
[WhiteClock "0:00:06"]
[BlackClock "0:01:31"]

1. d4 Nf6 2. c4 e6 3. Nf3 b6 4. g3 Bb7 5. Bg2 Be7 6. O-O O-O 7. Re1 Na6 8. h4 h6 9. Bf4 d6 10. Nc3 Ne4 11. Qc2 Nxc3 12. Qxc3 c5 13. dxc5 Nxc5 14. Rad1 Qc7 15. Qc2 Be4 16. Qd2 Rfd8 17. Rc1 Qb7 18. b4 Nd7 19. Bxd6 Nc5 20. bxc5 bxc5 21. Qe3 Bxd6 22. Red1 Be7 23. Ne1 Bxg2 24. Nxg2 Qa6 25. Qb3 Rdb8 26. Qc2 Rb7 27. Nf4 Rab8 28. Nd3 Qb6 29. e3 Bf6 30. Qe2 Qa5 31. Rc2 Qa3 32. Kg2 Rd7 33. Rcd2 Qa4 34. Nf4 Rdb7 35. Nh5 Bc3 36. Rc2 Bb2 37. Rdd2 Ba1 38. Qg4 g6 39. Nf4 Bg7 40. Qf3 h5 41. Nd3 Qa5 42. Qe4 Rd7 43. Rd1 Rbd8 44. Kf1 Qa3 45. Ke2 Rd6 46. Nb2 Bxb2 47. Rxd6 Rxd6 48. Qa8+ Kg7 49. Qb8 Rb6 0-1


[Site "https://www.chess.com"]

[Event "Titled Tuesday Blitz May 10 Early 2022"]
[White "Le Ruyet, Leopold"]
[Black "Todorovic, Bojan"]
[WhiteFideId "645923"]
[BlackFideId "917087"]
[WhiteElo "2276"]
[BlackElo "2266"]
[Result "1-0"]
[Round "07"]
[TimeControl "180+1"]
[Date "2022.05.11"]
[WhiteClock "0:01:03"]
[BlackClock "0:00:01"]

1. c4 g6 2. Nc3 Bg7 3. e4 c5 4. g3 Nc6 5. Bg2 d6 6. Nge2 Rb8 7. h3 a6 8. d3 b5 9. O-O b4 10. Nd5 e6 11. Ne3 Nge7 12. f4 f5 13. exf5 exf5 14. Nd5 Be6 15. Be3 O-O 16. d4 Bxd5 17. cxd5 Nxd4 18. Nxd4 cxd4 19. Bxd4 Bxd4+ 20. Qxd4 Qb6 21. Qxb6 Rxb6 22. Rac1 Rb5 23. Rfe1 Nxd5 24. Rcd1 Nf6 25. Rxd6 Ra5 26. Rb6 Rxa2 27. Rxf6 Rxb2 28. Rxa6 Rd8 29. Ra7 b3 30. Bd5+ 1-0


[Site "https://www.chess.com"]

[Event "Titled Tuesday Blitz May 10 Early 2022"]
[White "Lomaia, Diana"]
[Black "Van den Dikkenberg, Erik"]
[WhiteFideId "13612476"]
[BlackFideId "1005880"]
[WhiteElo "1744"]
[BlackElo "2118"]
[Result "1-0"]
[Round "07"]
[TimeControl "180+1"]
[Date "2022.05.11"]
[WhiteClock "0:02:34"]
[BlackClock "0:01:35"]

1. d4 Nf6 2. c4 g6 3. Nc3 Bg7 4. g3 O-O 5. Bg2 d6 6. Nf3 c6 7. O-O Qa5 8. e4 Bg4 9. h3 Bxf3 10. Bxf3 e5 11. d5 Rd8 12. a3 Na6 13. Be3 cxd5 14. cxd5 Qc7 15. Rc1 Qe7 16. b4 b6 17. Nb5 Rac8 18. Qd2 Nc7 19. Nxa7 Ra8 20. Nc6 Qd7 21. Nxd8 Qxd8 22. Bxb6 1-0


[Site "https://www.chess.com"]

[Event "Titled Tuesday Blitz May 10 Early 2022"]
[White "Maghsoodloo, Parham"]
[Black "Daneshvar, Bardiya"]
[WhiteFideId "12539929"]
[BlackFideId "12576468"]
[WhiteElo "2630"]
[BlackElo "2330"]
[Result "1-0"]
[Round "07"]
[TimeControl "180+1"]
[Date "2022.05.10"]
[WhiteClock "0:00:20"]
[BlackClock "0:00:03"]

1. Nf3 d5 2. b3 Bf5 3. d3 e6 4. Nbd2 Nf6 5. Bb2 h6 6. g3 Be7 7. Bg2 Bh7 8. O-O a5 9. a3 O-O 10. Re1 Nfd7 11. e4 Bf6 12. d4 a4 13. b4 b5 14. Ne5 Nb6 15. Ng4 Be7 16. e5 Nc6 17. h4 Qd7 18. h5 Nc4 19. Nxc4 bxc4 20. c3 f5 21. exf6 Bxf6 22. Bc1 Rae8 23. Qxa4 Kh8 24. Bf4 Bf5 25. Nxf6 Rxf6 26. b5 Ne7 27. Qb4 Bg4 28. Qc5 Rxf4 29. gxf4 Rf8 30. b6 cxb6 31. Qxb6 Qe8 32. Rxe6 Bxe6 33. Qxe6 Qd8 34. Re1 Ng8 35. Qxd5 Qh4 36. Re4 Nf6 37. Qd6 Rg8 38. Re2 Nxh5 39. f5 Nf6 40. Qg3 Qh5 41. Qf3 Qg5 42. Re3 Ng4 43. Re6 Qc1+ 44. Bf1 Nf6 45. d5 Qxa3 46. d6 Rd8 47. Qf4 Qxc3 48. Bxc4 Qb4 49. Rxf6 Qe1+ 50. Kg2 gxf6 51. Qxh6# 1-0


[Site "https://www.chess.com"]